MLB
CINCINNATI REDS @ COLORADO ROCKIES
10/10/2080
 
TOP OF THE 1ST
Cincinnati Reds batting - Pitching for Colorado Rockies : RHP Danny Fitzgerald
Pitching: RHP Danny Fitzgerald
Batting: LHB Hadde Theunis 0-0: Ball
1-0: Called Strike
1-1: Ball
2-1: Ball
3-1: DOUBLE (Line Drive, 78D, EV 108.1 MPH)
Batting: RHB Tim Vogel 0-0: Swinging Strike
0-1: Ball
Wild Pitch!
Hadde Theunis to third
1-1: Ball
2-1: Foul Ball, location: 2F
2-2: Ball
3-2: Fly out, F7 (Flyball, 78M, EV 90.0 MPH)
Runner from 3rd tags up, SCORES, throw by LF
Batting: LHB Josh Ingram 0-0: Fly out, F7 (Flyball, 8LM, EV 86.9 MPH)
Batting: RHB Alex Williams 0-0: Ball
1-0: Ball
2-0: Called Strike
2-1: Foul Ball, location: 2F
2-2: Strikes out looking
Top of the 1st over - 1 run, 1 hit, 0 errors, 0 left on base; Cincinnati 1 - Colorado 0
BOTTOM OF THE 1ST
Colorado Rockies batting - Pitching for Cincinnati Reds : RHP Byron Battee
Pitching: RHP Byron Battee
Batting: RHB Armando Munoz 0-0: Foul Ball, location: 2F
0-1: Swinging Strike
0-2: Ball
1-2: Ball
2-2: Ball
3-2: Base on Balls
Batting: RHB Matt Schulten 0-0: Ball
1-0: Ball
Armando Munoz steals 2nd base
2-0: Foul Ball, location: 2F
2-1: Fly out, F8 (Flyball, 78M, EV 86.9 MPH)
Runner from 2nd tags up, SAFE at 3rd with throw by CF
Batting: LHB Juan Valentin 0-0: Ball
Wild Pitch!
Armando Munoz scores
1-0: Ball
2-0: Called Strike
2-1: Fly out, F7 (Flyball, 7S, EV 90.0 MPH)
Batting: RHB Chris Molina 0-0: Called Strike
0-1: Ball
1-1: Fly out, F8 (Flyball, 8RD, EV 91.2 MPH)
Bottom of the 1st over - 1 run, 0 hits, 0 errors, 0 left on base; Cincinnati 1 - Colorado 1
TOP OF THE 2ND
Cincinnati Reds batting - Pitching for Colorado Rockies : RHP Danny Fitzgerald
Batting: RHB Amir Gibbs 0-0: Called Strike
0-1: Ball
1-1: Called Strike
1-2: Foul Ball, location: 2F
1-2: Strikes out swinging, 2-3 out at first.
Batting: SHB Keith Faulkner 0-0: Called Strike
0-1: Swinging Strike
0-2: Ball
1-2: Ball
2-2: Ball
3-2: Strikes out swinging
Batting: RHB Ryan Aylesworth 0-0: Ball
1-0: Foul Ball, location: 2F
1-1: Swinging Strike
1-2: Ball
2-2: Strikes out swinging
Top of the 2nd over - 0 runs, 0 hits, 0 errors, 0 left on base; Cincinnati 1 - Colorado 1
BOTTOM OF THE 2ND
Colorado Rockies batting - Pitching for Cincinnati Reds : RHP Byron Battee
Batting: LHB Brian McNeal 0-0: Swinging Strike
0-1: Foul Ball, location: 2F
0-2: Strikes out swinging
Batting: RHB Jose Marquez 0-0: Bunt for hit to 2R - play at first, batter OUT! 2-3
Batting: LHB Seung-nam Hur 0-0: Ball
1-0: Called Strike
1-1: Swinging Strike
1-2: Ground out 4-3 (Groundball, 4, EV 83.1 MPH)
Bottom of the 2nd over - 0 runs, 0 hits, 0 errors, 0 left on base; Cincinnati 1 - Colorado 1
TOP OF THE 3RD
Cincinnati Reds batting - Pitching for Colorado Rockies : RHP Danny Fitzgerald
Batting: RHB Ian Landreneau 0-0: Called Strike
0-1: Ball
1-1: Foul Ball, location: 2F
1-2: Ball
2-2: Ball
3-2: Base on Balls
Batting: SHB Harry Dugan 0-0: SINGLE (Line Drive, 8RS, EV 91.2 MPH)
Ian Landreneau to second
Runner from 2nd tries for 3rd, SAFE, throw by CF made to third
Batting: LHB Hadde Theunis 0-0: SINGLE (Groundball, P, EV 86.2 MPH) (infield hit)
Ian Landreneau scores
Harry Dugan to second
Batting: RHB Tim Vogel 0-0: Ball
1-0: Ball
2-0: Swinging Strike
2-1: Ball
3-1: Ball
Harry Dugan to third
Hadde Theunis to second
Batting: LHB Josh Ingram 0-0: Called Strike
0-1: Ball
1-1: Ball
2-1: Ball
Wild Pitch!
Harry Dugan scores
Hadde Theunis to third
Tim Vogel to second
3-1: Called Strike
3-2: Strikes out looking
Batting: RHB Alex Williams 0-0: Ball
1-0: Foul Ball, location: 2F
1-1: DOUBLE (Line Drive, 78XD, EV 107.5 MPH)
Hadde Theunis scores
Tim Vogel scores
Pitching: RHP Austin Swanson
Batting: RHB Amir Gibbs 0-0: Called Strike
0-1: Fly out, F9 (Flyball, 89S, EV 77.5 MPH)
Batting: SHB Keith Faulkner 0-0: Called Strike
0-1: Foul Ball, location: 2F
0-2: Strikes out looking
Top of the 3rd over - 4 runs, 3 hits, 0 errors, 1 left on base; Cincinnati 5 - Colorado 1
BOTTOM OF THE 3RD
Colorado Rockies batting - Pitching for Cincinnati Reds : RHP Byron Battee
Batting: LHB Nick Bergin 0-0: Ball
1-0: Ball
2-0: Called Strike
2-1: Foul Ball, location: 2F
2-2: Ball
3-2: Strikes out swinging
Batting: RHB Iñaki Toder 0-0: Ball
1-0: Swinging Strike
1-1: Ground out 4-3 (Groundball, 34, EV 103.8 MPH)
Batting: RHB Armando Munoz 0-0: Ball
1-0: Ball
2-0: Called Strike
2-1: Foul Ball, location: 2F
2-2: Ball
3-2: Base on Balls
Batting: RHB Matt Schulten 0-0: Called Strike
0-1: Ball
1-1: Ball
2-1: Ball
3-1: Base on Balls
Armando Munoz to second
Batting: LHB Juan Valentin 0-0: Called Strike
0-1: Called Strike
0-2: Strikes out swinging
Bottom of the 3rd over - 0 runs, 0 hits, 0 errors, 2 left on base; Cincinnati 5 - Colorado 1
TOP OF THE 4TH
Cincinnati Reds batting - Pitching for Colorado Rockies : RHP Austin Swanson
Batting: RHB Ryan Aylesworth 0-0: Foul Ball, location: 2F
0-1: Ball
1-1: Foul Ball, location: 2F
1-2: Ball
2-2: SOLO HOME RUN (Flyball, 7D, EV 99.4 MPH), Distance : 390 ft
Batting: RHB Ian Landreneau 0-0: Swinging Strike
0-1: Called Strike
0-2: Ball
1-2: Ball
2-2: Foul Ball, location: 2F
2-2: Ball
3-2: Foul Ball, location: 2F
3-2: Strikes out swinging
Batting: SHB Harry Dugan 0-0: Fly out, F9 (Flyball, 9D, EV 94.4 MPH)
Batting: LHB Hadde Theunis 0-0: DOUBLE (Line Drive, 7LS, EV 100.6 MPH)
Pitching: RHP Chris Budler
Batting: RHB Tim Vogel 0-0: Ball
1-0: Ball
2-0: Ball
3-0: Called Strike
3-1: Foul Ball, location: 2F
3-2: Strikes out looking
Top of the 4th over - 1 run, 2 hits, 0 errors, 1 left on base; Cincinnati 6 - Colorado 1
BOTTOM OF THE 4TH
Colorado Rockies batting - Pitching for Cincinnati Reds : RHP Byron Battee
Batting: RHB Chris Molina 0-0: Ball
1-0: Ball
2-0: Ball
3-0: Base on Balls
Pitching: RHP Bob Johannes
Batting: LHB Brian McNeal 0-0: Called Strike
0-1: Fielders Choice at 2nd, 5-4 (Groundball, 56, EV 82.5 MPH)
Batting: RHB Jose Marquez 0-0: Called Strike
0-1: Ball
1-1: Foul Ball, location: 2F
1-2: Ball
2-2: SINGLE (Flyball, 3D, EV 91.9 MPH)
Brian McNeal to second
Batting: LHB Seung-nam Hur 0-0: Foul Ball, location: 2F
0-1: Foul Ball, location: 2F
0-2: Ball
1-2: DOUBLE (Flyball, 89D, EV 102.5 MPH)
Brian McNeal scores
Jose Marquez to third
Runner from 3rd tries for Home, SAFE, no throw by RF
Batting: LHB Nick Bergin 0-0: Foul Ball, location: 2F
0-1: Foul Ball, location: 2F
0-2: Strikes out looking
Batting: RHB Iñaki Toder 0-0: Called Strike
0-1: Ball
1-1: Swinging Strike
1-2: Ball
2-2: Foul Ball, location: 2F
2-2: Foul Ball, location: 2F
2-2: SINGLE (Groundball, 56D, EV 107.5 MPH)
Seung-nam Hur to third
Runner from 3rd tries for Home, SAFE, throw by LF to home
Batting: RHB Armando Munoz 0-0: Foul Ball, location: 2F
0-1: Ball
1-1: Called Strike
1-2: Strikes out looking
Bottom of the 4th over - 3 runs, 3 hits, 0 errors, 1 left on base; Cincinnati 6 - Colorado 4
TOP OF THE 5TH
Cincinnati Reds batting - Pitching for Colorado Rockies : RHP Chris Budler
Batting: LHB Josh Ingram 0-0: SOLO HOME RUN (Flyball, 78XD, EV 102.5 MPH), Distance : 407 ft
Batting: RHB Alex Williams 0-0: Called Strike
0-1: Ball
1-1: Ball
2-1: Called Strike
2-2: Ball
3-2: SINGLE (Line Drive, 78M, EV 93.1 MPH)
Batting: RHB Amir Gibbs 0-0: Ball
1-0: Swinging Strike
1-1: Ball
2-1: Foul Ball, location: 2F
2-2: Foul Ball, location: 2F
2-2: Ball
3-2: Foul Ball, location: 2F
3-2: DOUBLE (Flyball, 9LD, EV 103.8 MPH)
Alex Williams to third
Batting: SHB Keith Faulkner 0-0: Foul Ball, location: 2F
0-1: Fly out, F9 (Line Drive, 89M, EV 93.8 MPH)
Runner from 3rd tags up, SCORES, throw by RF
Amir Gibbs to third
Batting: RHB Ryan Aylesworth 0-0: Ball
1-0: Ball
2-0: Swinging Strike
2-1: Swinging Strike
2-2: Foul Ball, location: 2F
2-2: Strikes out swinging
Batting: RHB Ian Landreneau 0-0: Foul Ball, location: 2F
0-1: Fly out, F7 (Flyball, 7D, EV 90.6 MPH)
Top of the 5th over - 2 runs, 3 hits, 0 errors, 1 left on base; Cincinnati 8 - Colorado 4
BOTTOM OF THE 5TH
Colorado Rockies batting - Pitching for Cincinnati Reds : RHP Bob Johannes
Batting: RHB Matt Schulten 0-0: Swinging Strike
0-1: Foul Ball, location: 2F
0-2: Ball
1-2: Ball
2-2: Foul Ball, location: 2F
2-2: Strikes out swinging
Batting: LHB Juan Valentin 0-0: Fly out, F7 (Line Drive, 7, EV 91.9 MPH)
Batting: RHB Chris Molina 0-0: Foul Ball, location: 2F
0-1: Ball
1-1: DOUBLE (Line Drive, 8LXD, EV 101.9 MPH)
Pitching: RHP Solano Castelli
Batting: LHB Brian McNeal 0-0: Ball
1-0: DOUBLE (Line Drive, 78D, EV 110.0 MPH)
Chris Molina scores
Batting: RHB Jose Marquez 0-0: Called Strike
0-1: Swinging Strike
0-2: Strikes out swinging
Bottom of the 5th over - 1 run, 2 hits, 0 errors, 1 left on base; Cincinnati 8 - Colorado 5
TOP OF THE 6TH
Cincinnati Reds batting - Pitching for Colorado Rockies : RHP Chris Budler
Batting: SHB Harry Dugan 0-0: Ball
1-0: Called Strike
1-1: Swinging Strike
1-2: Ball
2-2: Foul Ball, location: 2F
2-2: Foul Ball, location: 2F
2-2: Ball
3-2: Foul Ball, location: 2F
3-2: Foul Ball, location: 2F
3-2: Foul Ball, location: 2F
3-2: Strikes out swinging, 2-3 out at first.
Batting: LHB Hadde Theunis 0-0: DOUBLE (Flyball, 89XD, EV 108.1 MPH)
Pitching: RHP Antonio Munoz
Batting: RHB Tim Vogel 0-0: Ball
1-0: Called Strike
1-1: Foul Ball, location: 2F
1-2: Fly out, F5 (Popup, 5S, EV 77.5 MPH)
Batting: LHB Josh Ingram 0-0: Called Strike
0-1: Foul Ball, location: 2F
0-2: DOUBLE (Line Drive, 9LM, EV 100.0 MPH)
Hadde Theunis scores
Batting: RHB Alex Williams 0-0: Ball
1-0: Ground out 5-3 (Groundball, 15, EV 85.6 MPH)
Top of the 6th over - 1 run, 2 hits, 0 errors, 1 left on base; Cincinnati 9 - Colorado 5
BOTTOM OF THE 6TH
Colorado Rockies batting - Pitching for Cincinnati Reds : RHP Solano Castelli
Batting: LHB Seung-nam Hur 0-0: Ball
1-0: Called Strike
1-1: Swinging Strike
1-2: Strikes out swinging
Batting: LHB Nick Bergin 0-0: Ball
1-0: Foul Ball, location: 2F
1-1: Ball
2-1: Foul Ball, location: 2F
2-2: Strikes out swinging
Batting: RHB Iñaki Toder 0-0: Foul Ball, location: 2F
0-1: Foul Ball, location: 2F
0-2: Ball
1-2: Ball
2-2: Strikes out swinging
Bottom of the 6th over - 0 runs, 0 hits, 0 errors, 0 left on base; Cincinnati 9 - Colorado 5
TOP OF THE 7TH
Cincinnati Reds batting - Pitching for Colorado Rockies : RHP Antonio Munoz
Batting: RHB Amir Gibbs 0-0: Ball
1-0: Foul Ball, location: 2F
1-1: Foul Ball, location: 2F
1-2: Ball
2-2: Strikes out swinging
Batting: SHB Keith Faulkner 0-0: Ball
1-0: Foul Ball, location: 2F
1-1: Ball
2-1: Ball
3-1: Called Strike
3-2: Base on Balls
Batting: RHB Ryan Aylesworth 0-0: Ball
1-0: Ball
2-0: Swinging Strike
2-1: Ball
3-1: Called Strike
3-2: Strikes out swinging
Batting: RHB Ian Landreneau 0-0: Ball
1-0: Ball
2-0: Called Strike
2-1: Called Strike
2-2: Foul Ball, location: 2F
2-2: Strikes out swinging
Top of the 7th over - 0 runs, 0 hits, 0 errors, 1 left on base; Cincinnati 9 - Colorado 5
BOTTOM OF THE 7TH
Colorado Rockies batting - Pitching for Cincinnati Reds : RHP Solano Castelli
Batting: RHB Armando Munoz 0-0: Ball
1-0: Ball
2-0: Called Strike
2-1: Called Strike
2-2: SOLO HOME RUN (Flyball, 7LD, EV 97.5 MPH), Distance : 365 ft
Batting: RHB Matt Schulten 0-0: Foul Ball, location: 2F
0-1: Called Strike
0-2: Ball
1-2: Ball
2-2: Ball
3-2: Base on Balls
Pitching: LHP Nick Weber
Batting: LHB Juan Valentin 0-0: Swinging Strike
0-1: Called Strike
0-2: Ball
1-2: Foul Ball, location: 2F
1-2: Foul Ball, location: 2F
1-2: 2-RUN HOME RUN (Flyball, 89XD, EV 101.9 MPH), Distance : 386 ft
Batting: RHB Chris Molina 0-0: Called Strike
0-1: Foul Ball, location: 2F
0-2: Strikes out looking
Pinch Hitting: RHB Justin Jones 0-0: Swinging Strike
0-1: Ground out 6-3 (Groundball, 6M, EV 94.4 MPH)
Batting: RHB Jose Marquez 0-0: Foul Ball, location: 2F
0-1: Ball
1-1: Foul Ball, location: 2F
1-2: Ball
2-2: Foul Ball, location: 2F
2-2: Strikes out swinging
Bottom of the 7th over - 3 runs, 2 hits, 0 errors, 0 left on base; Cincinnati 9 - Colorado 8
TOP OF THE 8TH
Cincinnati Reds batting - Pitching for Colorado Rockies : RHP Antonio Munoz
Now in LF: Seung-nam Hur
Now in RF: Justin Jones
Batting: SHB Harry Dugan 0-0: Swinging Strike
0-1: Ball
1-1: Ball
2-1: Called Strike
2-2: Strikes out looking
Batting: LHB Hadde Theunis 0-0: Called Strike
0-1: Ball
1-1: Fly out, F9 (Flyball, 9, EV 78.1 MPH)
Batting: RHB Tim Vogel 0-0: Foul Ball, location: 2F
0-1: Foul Ball, location: 2F
0-2: Foul Ball, location: 2F
0-2: Ball
1-2: Reached on error, E6 (Groundball, 6, EV 102.5 MPH)
Pitching: LHP NEW YORK (N) Hedgecock
Batting: LHB Josh Ingram 0-0: Ball
1-0: Ground out 1-3 (Groundball, 13S, EV 62.5 MPH)
Top of the 8th over - 0 runs, 0 hits, 1 error, 1 left on base; Cincinnati 9 - Colorado 8
BOTTOM OF THE 8TH
Colorado Rockies batting - Pitching for Cincinnati Reds : LHP Nick Weber
Now in LF: Keith Faulkner
Now in CF: Scott Waltz
Pinch Hitting: SHB Jason Richford 0-0: Called Strike
0-1: Ball
1-1: Ball
2-1: SOLO HOME RUN (Flyball, 7LD, EV 95.0 MPH), Distance : 367 ft
Batting: LHB Nick Bergin 0-0: Ball
1-0: SINGLE (Groundball, 34D, EV 103.1 MPH)
Pitching: RHP Alastair Colson
Pinch Hitting: SHB Andrew Terry 0-0: Ball
1-0: Ball
2-0: Foul Ball, location: 2F
2-1: Foul Ball, location: 2F
2-2: Ball
3-2: SINGLE (Groundball, 34D, EV 96.9 MPH)
Nick Bergin to second
Runner from 2nd tries for 3rd, SAFE, throw by RF made to third
Batting: RHB Armando Munoz 0-0: Fly out, F9 (Flyball, 9, EV 92.5 MPH)
Runner from 3rd tags up, SCORES, throw by RF
Batting: RHB Matt Schulten 0-0: Ball
1-0: Ball
2-0: Foul Ball, location: 2F
2-1: Foul Ball, location: 2F
2-2: Foul Ball, location: 2F
2-2: 2-RUN HOME RUN (Flyball, 7D, EV 96.2 MPH), Distance : 377 ft
Batting: LHB Juan Valentin 0-0: Called Strike
0-1: Foul Ball, location: 2F
0-2: Strikes out looking
Batting: RHB Chris Molina 0-0: Called Strike
0-1: Foul Ball, location: 2F
0-2: Ball
1-2: Foul Ball, location: 2F
1-2: Ball
2-2: Ball
3-2: Fly out, F9 (Flyball, 9, EV 88.1 MPH)
Bottom of the 8th over - 4 runs, 4 hits, 0 errors, 0 left on base; Cincinnati 9 - Colorado 12
TOP OF THE 9TH
Cincinnati Reds batting - Pitching for Colorado Rockies : LHP NEW YORK (N) Hedgecock
Pitching: RHP Paul Bowie
Now in LF: Jason Richford
Now in CF: Jose Pineiro
Batting: RHB Alex Williams 0-0: Swinging Strike
0-1: Called Strike
0-2: Ball
1-2: Ground out 5-3 (Groundball, 56S, EV 88.1 MPH)
Pinch Hitting: SHB Seth Royle 0-0: Ball
1-0: Ball
2-0: Foul Ball, location: 2F
2-1: Ball
3-1: Fly out, F6 (Line Drive, 6, EV 67.5 MPH)
Batting: SHB Keith Faulkner 0-0: Ball
1-0: Ball
2-0: Called Strike
2-1: SINGLE (Line Drive, 34D, EV 96.2 MPH)
Batting: RHB Ryan Aylesworth 0-0: Called Strike
0-1: Foul Ball, location: 2F
0-2: Ball
1-2: Foul Ball, location: 2F
1-2: Ball
2-2: Foul Ball, location: 2F
2-2: Strikes out swinging
Top of the 9th over - 0 runs, 1 hit, 0 errors, 1 left on base; Cincinnati 9 - Colorado 12
Monday, August 1st , 2022 - OOTP Baseball 23.5 Build 73